 Dungeon Crawl Stone Soup version 0.32-a0-876-gcfddb08e57 (webtiles) character file.

Game seed: 5896031594603370153

10685 smashvw the Cleaver (level 11, -3/79 HPs)
             Began as a Coglin Berserker on Apr 1, 2024.
             Was an Elder of Trog.
             Slain by a shadow (8 damage)
             ... on level 11 of the Dungeon.
             The game lasted 00:16:43 (9429 turns).

smashvw the Cleaver (Coglin Berserker)              Turns: 9429, Time: 00:16:44

Health: -3/79      AC: -6    Str: 22    XL:     11   Next: 66%
Magic:  11/11      EV:  8    Int: 10    God:    Trog [****..]
Gold:   782        SH:  0    Dex: 14    Spells: 10/10 levels left

rFire   . . .        E - +1 war axe (freeze) {Xochipepe}
rCold   . . .        v - +0 war axe {Oskar}
rNeg    . . .        u - +0 chain mail
rPois   .            (no helmet)
rElec   .            C - +0 cloak
rCorr   .            b - +0 pair of gloves "Xiotaof" {Int+4}
SInv    .            h - +1 pair of boots
Will    .....        (amulet unavailable) Stlth
                     (ring unavailable)
HPRegen 0.33/turn    (ring unavailable)
MPRegen 0.12/turn    (no gizmo)

%: no passive effects
@: mighty, corroded, on berserk cooldown, slowed, revved, very slow
A: off-hand wielding, slow wielding, warmup strikes, no jewellery
a: Invent Gizmo, Renounce Religion, Berserk, Trog's Hand, Brothers in Arms


You were on level 11 of the Dungeon.
You worshipped Trog.
Trog was greatly pleased with you.
You visited 1 branch of the dungeon, and saw 11 of its levels.

You collected 782 gold pieces.

Inventory:

Hand Weapons
 v - a +0 war axe (offhand) {Oskar}
 E - a +1 war axe of freezing (weapon) {Xochipepe}
Armour
 b - the +0 pair of gloves "Xiotaof" (worn) {Int+4}
   (You found it on level 3 of the Dungeon)

   Int+4:     It affects your intelligence (+4).
 c - a +0 plate armour
 h - a +1 pair of boots (worn)
 u - a +0 chain mail (worn)
 C - a +0 cloak (worn)
 F - +0 fire dragon scales
 G - the +0 pair of gloves of the Depths {rC+ Int+2 Dex+5}
   (You found it on level 11 of the Dungeon)

   Int+2:     It affects your intelligence (+2).
   Dex+5:     It affects your dexterity (+5).
   rC+:       It protects you from cold.
Wands
 a - a wand of paralysis (23)
 l - a wand of digging (23)
 w - a wand of quicksilver (16)
 D - a wand of polymorph (6) (quivered)
Scrolls
 d - 8 scrolls of identify {unknown}
 f - 2 scrolls of amnesia {unknown}
 g - 2 scrolls of revelation {unknown}
 i - 8 scrolls of teleportation
 m - a scroll of vulnerability {unknown}
 n - 2 scrolls of fear {unknown}
 o - 3 scrolls of immolation {unknown}
 q - 6 scrolls of fog {unknown}
 t - 2 scrolls of silence {unknown}
 x - a scroll of summoning {unknown}
 y - 3 scrolls of blinking {unknown}
 B - 2 scrolls of enchant armour {unknown}
Potions
 e - 2 potions of attraction {unknown}
 j - 3 potions of might
 k - a potion of magic {unknown}
 p - 3 potions of enlightenment
 r - a potion of haste {unknown}
 s - 4 potions of mutation {unknown}
 z - 3 potions of degeneration {unknown}
 A - 2 potions of heal wounds {unknown}


   Skills:
 - Level 5.0 Fighting
 + Level 13.1 Axes
 + Level 10.8 Armour
 - Level 1.7 Dodging
 - Level 5.0 Evocations


You had 10 spell levels left.
You didn't know any spells.
Your spell library was empty.

Dungeon Overview and Level Annotations

Branches:
Dungeon (11/15)            Temple (0/1) D:6             Orc (0/2) D:11
   Lair: D:8-11

Altars:
Ashenzari
Cheibriados
Makhleb
Okawaru
Ru
Trog
Uskayaw
Zin
The Shining One
Beogh

Shops:
D:8 =

Annotations:
D:8 1 runed translucent door


Innate Abilities, Weirdness & Mutations

You can wield a second weapon in your off-hand.
It takes a long time for you to wield or remove held weapons.
Your first few attacks do less damage.
You cannot equip rings or amulets.


Message History

You hit the rust devil with your +0 war axe.
You hit the shadow with your +0 war axe.
The rust devil hits you.
* * * LOW HITPOINT WARNING * * *
The rust devil corrodes you! The shadow barely misses you.
You hit the rust devil with your +0 war axe.
The rust devil is moderately wounded.
You hit the rust devil with your +0 war axe.
You miss the neqoxec with your +0 war axe.
You hit the shadow but do no damage.
You hit the rust devil but do no damage.
You barely miss the shadow with your +1 war axe of freezing.
You hit the rust devil with your +1 war axe of freezing.
You hit the neqoxec with your +1 war axe of freezing.
You freeze the neqoxec. The rust devil hits you. The rust devil corrodes you!
The neqoxec closely misses you. The rust devil hits you!
* * * LOW HITPOINT WARNING * * *
The rust devil corrodes you! The shadow hits you!
* * * LOW HITPOINT WARNING * * *
You barely miss the rust devil with your +1 war axe of freezing.
The rust devil is lightly wounded.
You completely miss the rust devil with your +1 war axe of freezing.
You hit the neqoxec but do no damage.
You closely miss the shadow with your +1 war axe of freezing.
You barely miss the rust devil with your +0 war axe.
You hit the shadow but do no damage.
You hit the rust devil but do no damage.
You hit the neqoxec but do no damage. The rust devil hits you!
* * * LOW HITPOINT WARNING * * *
The rust devil corrodes you!
You feel a strong urge to attack something.
You are no longer berserk.
You are exhausted.
You feel yourself slow down.
Okay, then.
It was a potion of might.
You feel very mighty all of a sudden. The shadow hits you!
You die...

...........#........####.....)..
.....ß.....#...'..######..##...#
###.....######+#####..##..######
#..............###....##...
#.........#....##.....###...
#..>......#...##.3.#..# ###..
#.........#...##43##.4... #..
#.##+##...#..##W4.# .4....#
..#...#...#..##@.## ...3..$
#...+......##..# ..ßß.W.
#...#......##..# ..ßß4..
#...#......##..## ....3.$
#...###'#####...#
#...........##..##
#...........##...###
####............##....##
...##'#####+#######....#


You could see 2 rust devils, 2 neqoxecs and a shadow.

Vanquished Creatures
  A fire dragon (D:11)
  A satyr (shapeshifter) (D:9)
  2 two-headed ogres
  Maggie (D:6)
  An ice devil (D:11)
  2 trolls
  A vampire (D:10)
  11 yaks
  A wyvern (D:10)
  A wraith (D:9)
  Grum (D:8)
  A steam dragon (D:6)
  3 water moccasins
  3 ice beasts
  5 orc warriors
  4 wolves (D:8)
  2 ogres
  3 centaurs (D:9)
  A phantom (D:5)
  2 kobold brigands
  3 bullfrogs
  2 scorpions
  23 wights
  11 killer bees
  3 howler monkeys
  3 jellies
  10 orc priests
  2 hounds
  A gnoll bouda (D:7)
  An iguana (D:4)
  A sleepcap (D:5)
  10 orc wizards
  8 gnolls
  6 adders
  4 white imps
  A dart slug (D:3)
  3 ribbon worms
  42 orcs
  5 endoplasms
  3 giant cockroaches
  3 goblins
  9 hobgoblins
  2 quokkas
  7 ball pythons
  4 bats
  12 kobolds
  3 rats
229 creatures vanquished.

Notes
Turn   | Place    | Note
-------+----------+-------------------------------------------
     0 | D:1      | smashvw the Coglin Berserker began the quest for the Orb.
     0 | D:1      | Reached XP level 1. HP: 18/18 MP: 1/1
   175 | D:1      | Reached XP level 2. HP: 23/24 MP: 2/2
   571 | D:2      | Reached XP level 3. HP: 29/29 MP: 3/3
   847 | D:2      | Found a faded altar of an unknown god.
  1079 | D:3      | Reached ** piety under Trog
  1080 | D:3      | Reached XP level 4. HP: 22/37 MP: 4/4
  1261 | D:3      | Identified the +0 pair of gloves "Xiotaof" {Int+4}
  1300 | D:3      | Reached skill level 4 in Axes
  1300 | D:3      | Reached XP level 5. HP: 38/42 MP: 5/5
  1493 | D:3      | Noticed a water moccasin
  1502 | D:3      | Killed a water moccasin
  1503 | D:3      | Reached XP level 6. HP: 49/49 MP: 6/6
  1875 | D:4      | Found a broken altar of Ashenzari.
  1959 | D:4      | Identified the +2 robe of Istraemp {^Drain rF+ Str+2
                  | Stlth+}
  2047 | D:4      | Found a snail-covered altar of Cheibriados.
  2297 | D:4      | Found a hide-covered altar of Uskayaw.
  2332 | D:4      | Reached skill level 5 in Fighting
  2332 | D:4      | Reached skill level 5 in Axes
  2332 | D:4      | Reached XP level 7. HP: 30/56 MP: 7/7
  2485 | D:4      | Found a bloodstained altar of Trog.
  2597 | D:5      | Entered Level 5 of the Dungeon
  2866 | D:5      | Found a sacrificial altar of Ru.
  2973 | D:5      | Reached skill level 6 in Axes
  2978 | D:5      | Reached skill level 5 in Armour
  3163 | D:5      | Found a glowing golden altar of the Shining One.
  3180 | D:5      | Reached XP level 8. HP: 62/62 MP: 8/8
  3635 | D:6      | Found a staircase to the Ecumenical Temple.
  3785 | D:6      | Reached skill level 7 in Axes
  4100 | D:6      | Noticed Maggie
  4113 | D:6      | Killed Maggie
  4114 | D:6      | Reached skill level 8 in Axes
  4114 | D:6      | Reached XP level 9. HP: 37/68 MP: 9/9
  4815 | D:7      | Reached *** piety under Trog
  4887 | D:7      | Noticed a two-headed ogre
  4901 | D:7      | Killed a two-headed ogre
  4902 | D:7      | Reached skill level 9 in Axes
  5184 | D:7      | Found an iron altar of Okawaru.
  5267 | D:7      | Found a burning altar of Makhleb.
  5402 | D:8      | Noticed a two-headed ogre
  5409 | D:8      | Killed a two-headed ogre
  5410 | D:8      | Reached skill level 10 in Axes
  5410 | D:8      | Reached XP level 10. HP: 26/74 MP: 10/10
  5946 | D:8      | Found Osonnus's Jewellery Emporium.
  6007 | D:8      | Noticed a centaur warrior
  6007 | D:8      | Noticed a skeletal warrior
  6008 | D:8      | Found a runed translucent door.
  6010 | D:8      | Noticed a tengu warrior
  6010 | D:8      | Noticed a tengu warrior
  6010 | D:8      | Noticed a death knight
  6285 | D:8      | Noticed Grum
  6295 | D:8      | Reached **** piety under Trog
  6301 | D:8      | Killed Grum
  6302 | D:8      | Reached skill level 11 in Axes
  6607 | D:8      | Found a roughly hewn altar of Beogh.
  6607 | D:8      | Found the +7 staff of the Meek {protect, meekguard}
  6958 | D:9      | Reached skill level 10 in Armour
  7159 | D:9      | You fall into a shaft and drop 1 floor!
  7159 | D:10     | Entered Level 10 of the Dungeon
  7479 | D:9      | Found a glowing silver altar of Zin.
  7566 | D:9      | Noticed a two-headed ogre
  7567 | D:9      | a two-headed ogre changed into a shapeshifter
  7568 | D:9      | a shapeshifter changed into a satyr
  7568 | D:9      | Noticed a satyr (shapeshifter)
  7581 | D:9      | Killed a satyr
  7582 | D:9      | Reached skill level 12 in Axes
  7582 | D:9      | Reached XP level 11. HP: 56/79 MP: 11/11
  8237 | D:10     | Reached skill level 5 in Evocations
  8936 | D:11     | Found a staircase to the Orcish Mines.
  9081 | D:11     | Noticed a fire dragon
  9096 | D:11     | Killed a fire dragon
  9097 | D:11     | Reached skill level 13 in Axes
  9304 | D:11     | Identified the +8 trident "Ufowaop" {heavy, rElec rC++
                  | rCorr Int-4}
  9307 | D:11     | Identified the +0 pair of gloves of the Depths {rC+ Int+2
                  | Dex+5}
  9429 | D:11     | Slain by a shadow

Illustrated notes

Levels and vault maps discovered:
D:1:      heliophobic_arrival_ceremonial_halls, layout_rooms
D:2:      layout_basic, shapermc_ecumenical_altar_hornbeckon
D:3:      layout_rooms, minmay_between
D:4:      layout_rooms, mainiacjoe_overflow_catwalk_spiral,
          mainiacjoe_overflow_two_lobes
D:5:      layout_rooms, lemuel_round_altar, nicolae_tso_carved_into_rock,
          serial_aquarium, aquarium_bridge_square [aquarium_subvault_window,
          aquarium_subvault_wall, aquarium_subvault_balcony,
          aquarium_subvault_bridge], aquarium_window_corner, aquarium_window_2,
          aquarium_view_2c, aquarium_view_2f, minmay_holes
D:6:      layout_basic, minmay_temple_entry_junction, solitary_fountain,
          hangedman_decor_riveting, uniq_maggie
D:7:      layout_gridville, lemuel_doored_altar, bloody_makhleb
D:8:      minmay_gate_of_8, layout_basic, serial_shops,
          nicolae_shop_pleasant_corner_grove, st_stairs_12, hex_intersection,
          pf_guarded_unrand_meek, uniq_grum
D:9:      layout_grid_maze, amcnicky_altar_gilded
D:10:     layout_cave_pools, feat_on_display
D:11:     dragon1_lemuel, layout_stronghold, erik_lair_island, david_orc_2,
          nicolae_neqoxec_dot_bat

Skill      XL: |  1  2  3  4  5  6  7  8  9 10 11 |
---------------+----------------------------------+-----
Armour         | 2 3 4 5 6 9 10 | 10.8
Fighting       | 4 5 |  5.0
Axes           | 4 5 6 8 10 12 13 | 13.1
Evocations     | 3 5 |  5.0
Dodging        | |  1.7

Action                     |  1- 3 |  4- 6 |  7- 9 | 10-12 || total
---------------------------+-------+-------+-------+-------++-------
  Melee: Hand axe          |    90 |   134 |   165 |    47 ||   436
         Dagger            |     6 |       |       |       ||     6
         War axe           |       |    74 |   181 |   394 ||   649
 Invoke: Berserk           |       |     2 |     5 |     5 ||    12
  Evoke: Wand              |       |       |       |     1 ||     1
    Use: Potion            |       |     1 |     2 |     2 ||     5
   Stab: Sleeping          |     3 |       |       |       ||     3
 Armour: Animal skin       |    39 |       |       |       ||    39
         Chain mail        |    13 |    88 |   189 |   237 ||   527
  Dodge: Dodged            |    29 |    43 |    58 |   103 ||   233

Table legend: (Time is in decaauts)
 A = Elapsed time spent in this place.
 B = Non-inter-level travel time spent in this place.
 C = Inter-level travel time spent in this place.
 D = Time resting spent in this place.
 E = Time spent auto-exploring this place.
 F = Levels seen in this place.
 G = Mean time per level.
                   A        B        C        D        E       F      G
               +--------+--------+--------+--------+--------+-----+--------+
         Total |   9548 |   9225 |    323 |    689 |   7181 |  11 |  868.0 |
       Dungeon |   9548 |   9225 |    323 |    689 |   7181 |  11 |  868.0 |
               +--------+--------+--------+--------+--------+-----+--------+

Top non-repeatable levels by time:
     D:8: 1506 daAuts
     D:6: 1413 daAuts
    D:10: 1067 daAuts
     D:4: 885 daAuts
     D:9: 861 daAuts
     D:5: 857 daAuts
     D:3: 732 daAuts
     D:7: 640 daAuts
     D:2: 567 daAuts
    D:11: 551 daAuts
     D:1: 463 daAuts
